 Dungeon Crawl Stone Soup version 0.30-a0-879-ga8ba668304 (webtiles) character file.

Game seed: 1480344897880447329

81 cforsyth the Trooper (level 4, -2/38 HPs)
             Began as a Barachi Fighter on Mar 13, 2023.
             Slain by a goblin
             ... wielding a +0 club
             ... led by Robin
              (6 damage)
             ... on level 2 of the Dungeon.
             The game lasted 00:02:15 (1469 turns).

cforsyth the Trooper (Barachi Fighter)              Turns: 1469, Time: 00:02:16

Health: -2/38      AC:  8    Str: 20    XL:     4   Next: 40%
Magic:  4/4        EV:  9    Int: 14    God:
Gold:   73         SH:  4    Dex: 11    Spells: 3/3 levels left

rFire   . . .      SeeInvis .    a - +0 war axe
rCold   . . .      Faith    .    c - +0 buckler
rNeg    . . .      Spirit   .    s - +1 scale mail {Will+}
rPois   .          Reflect  .    (no helmet)
rElec   .          Rampage  .    (no cloak)
rCorr   .                        (no gloves)
Will    +....                    (no boots) Stlth
                                 (no amulet)
HPRegen 0.26/turn                j - +6 ring of intelligence
MPRegen 0.09/turn                (no ring)

@: lethally poisoned (-2 -> -8), slow
A: amphibious, slowness 1, strong legs 1, +LOS
a: Hop


You were on level 2 of the Dungeon.
You visited 1 branch of the dungeon, and saw 2 of its levels.

You collected 73 gold pieces.

Inventory:

Hand Weapons
 a - a +0 war axe (weapon)
Armour
 c - a +0 buckler (worn)
 s - a +1 scale mail of willpower (worn)
Jewellery
 j - a +6 ring of intelligence (left hand)
Scrolls
 f - a scroll of enchant armour {unknown}
 g - a scroll of vulnerability {unknown}
 h - a scroll of enchant weapon {unknown}
 i - 3 scrolls of identify {unknown}
 l - 4 scrolls of teleportation {unknown}
 q - a scroll of fear {unknown}
Potions
 d - 6 potions of might
 e - a potion of flight {unknown}
 k - 2 potions of brilliance {unknown}
 m - a potion of degeneration {unknown}
 n - a potion of lignification {unknown}
 o - 2 potions of heal wounds {unknown}
 p - a potion of resistance {unknown}
 r - a potion of attraction {unknown}


   Skills:
 + Level 4.4 Fighting
 + Level 3.1 Axes
 + Level 4.3 Armour
 + Level 3.9 Shields


You had 3 spell levels left.
You didn't know any spells.
Your spell library contained the following spells:

 Spells                   Type           Power      Damage    Failure   Level
 Ensorcelled Hibernation  Hex/Ice        0%         N/A       83%         2
 Passwall                 Tmut/Erth      0%         N/A       83%         2
 Swiftness                Air            0%         N/A       97%         3


Dungeon Overview and Level Annotations

Branches:
Dungeon (2/15)

Altars:

Annotations:
D:2 Robin


Innate Abilities, Weirdness & Mutations

You are amphibious.
You cover ground slowly.
You can hop short distances.
You have an extended range of vision and can be seen from far away.


Message History

The goblin hits you but does no damage.
You barely miss the goblin. You completely miss the goblin.
The goblin hits you with a +0 hammer! The goblin hits you with a +0 club.
The goblin hits you with a +0 hammer!
You are too injured to fight recklessly!
You are too injured to fight recklessly!
You are too injured to fight recklessly!
You are too injured to fight recklessly!
You are too injured to fight recklessly!
You are too injured to fight recklessly!
You are too injured to fight recklessly!
You are too injured to fight recklessly!
You are too injured to fight recklessly!
You are too injured to fight recklessly!
You are too injured to fight recklessly!
You closely miss the goblin. You slash the goblin!
You kill the goblin!
Robin says, "Bow before me, strongest of all the hobgoblins!"
Robin throws the goblin at you!
The goblin hits you with a +0 dagger of venom.
You are poisoned.
You block the goblin's attack.
You barely miss the goblin. x2; You closely miss the goblin.
You feel very sick. The goblin hits you but does no damage.
The goblin closely misses you. The goblin hits you with a +0 club.
* * * LOW HITPOINT WARNING * * *
You block the goblin's attack. x2; The goblin hits you with a +0 club.
* * * LOW HITPOINT WARNING * * *
You slash the goblin!
You kill the goblin!
You barely miss the goblin. x2
* * * LOW HITPOINT WARNING * * *
You feel sick.
Robin roars a battlecry!
The goblin goes into a battle-frenzy!
The goblin hits you with a +0 hammer.
* * * LOW HITPOINT WARNING * * *
The goblin hits you with a +0 club.
You die...

.## #.# #......)......#
..#####.##########.#####.###
.....[)......# #.#####.#
.....)..####.# #.......#
........####.### #########
........)......##
................##
.......#.......g)#
################@# #g# #g##
#gg# #.g.# .....# ...).)##
#g#..#)## # #####


You could see Robin, a hobgoblin (strong) and 4 goblins.

Vanquished Creatures
  Terence (D:2)
  An adder (D:2)
  A dart slug (D:2)
  4 endoplasms
  A giant cockroach (D:2)
  8 goblins (D:2)
  10 hobgoblins
  A quokka (D:1)
  3 ball pythons
  2 bats
  A frilled lizard (D:2)
  4 kobolds
  4 rats
41 creatures vanquished.

Notes
Turn   | Place    | Note
-------+----------+-------------------------------------------
     0 | D:1      | cforsyth the Barachi Fighter began the quest for the Orb.
     0 | D:1      | Reached XP level 1. HP: 18/18 MP: 1/1
    88 | D:1      | Reached XP level 2. HP: 25/25 MP: 2/2
  1005 | D:2      | Reached XP level 3. HP: 30/30 MP: 3/3
  1402 | D:2      | Noticed Terence
  1408 | D:2      | Killed Terence
  1409 | D:2      | Reached XP level 4. HP: 34/38 MP: 4/4
  1462 | D:2      | Noticed Robin
  1469 | D:2      | Slain by a goblin

Illustrated notes

Levels and vault maps discovered:
D:1:      minmay_arrival_doors, layout_basic, minmay_octomino_j4
D:2:      layout_loops_cross, hex_tiny, nicolae_figureground_sparkle,
          uniq_robin, uniq_crazy_yiuf_cottage, uniq_terence

Skill      XL: |  1  2  3 |
---------------+----------+-----
Fighting       | 4 |  4.4
Armour         | 4 |  4.3
Axes           | 3 |  3.1
Shields        | |  3.9

Action                     |  1- 3 |  4- 6 || total
---------------------------+-------+-------++-------
  Melee: War axe           |    85 |    20 ||   105
 Armour: Scale mail        |    30 |     9 ||    39
  Dodge: Dodged            |    38 |    14 ||    52
  Block: Buckler           |    19 |    12 ||    31

Table legend: (Time is in decaauts)
 A = Elapsed time spent in this place.
 B = Non-inter-level travel time spent in this place.
 C = Inter-level travel time spent in this place.
 D = Time resting spent in this place.
 E = Time spent auto-exploring this place.
 F = Levels seen in this place.
 G = Mean time per level.
                   A        B        C        D        E       F      G
               +--------+--------+--------+--------+--------+-----+--------+
         Total |   1746 |   1718 |     28 |      0 |   1417 |   2 |  873.0 |
       Dungeon |   1746 |   1718 |     28 |      0 |   1417 |   2 |  873.0 |
               +--------+--------+--------+--------+--------+-----+--------+

Top non-repeatable levels by time:
     D:1: 1136 daAuts
     D:2: 609 daAuts
